[Event "*** Titled Tuesday Blitz"]
[Site "Chess.com"]
[Date "2020.10.27"]
[Round "2"]
[White "Keures"]
[Black "IMprovidence"]
[Result "0-1"]
[WhiteElo "2233"]
[BlackElo "2458"]
[TimeControl "180+1"]
[EndTime "10:15:40 PDT"]
[Termination "IMprovidence won by resignation"]

1. d4 Nf6 2. c4 e6 3. Nc3 Bb4 4. e3 O-O 5. Ne2 Re8 6. a3 Bf8 7. Ng3 d5 8. Bd3 dxc4 9. Bxc4 c5 10. dxc5 Qxd1+ 11. Nxd1 Bxc5 12. b4 Bd6 13. Bb2 Nbd7 14. O-O a6 15. Be2 b5 16. Bf3 Rb8 17. Rc1 Bb7 18. Nc3 Bxf3 19. gxf3 Ne5 20. f4 Nd3 21. Rc2 Rec8 22. Rd1 Nxb2 23. Rxd6 Na4 24. Nge2 Ne4 25.
Rd3 Rc4 26. f3 Nexc3 27. Nxc3 Rbc8 28. Nxa4 Rxc2 29. Nc5 a5 30. Rd7 axb4 31. axb4 Rb2 32.
Nb7 Rc1+ 0-1

[Event "*** Titled Tuesday Blitz"]
[Site "Chess.com"]
[Date "2020.10.27"]
[Round "2"]
[White "JozefKneht"]
[Black "akanga001"]
[Result "1-0"]
[WhiteElo "2388"]
[BlackElo "1893"]
[TimeControl "180+1"]
[EndTime "10:15:41 PDT"]
[Termination "JozefKneht won by resignation"]

1. Nf3 d5 2. d4 Nf6 3. Bf4 e6 4.
e3 Bd6 5. Bg3 O-O 6. Nbd2 c5 7. c3 Qc7 8. Bd3 Nbd7 9. O-O b6 10. a4 Bb7 11. a5 c4 12. Bc2 e5 13.
dxe5 Nxe5 14. Nxe5 Bxe5 15. Nf3 Bxg3 16. hxg3 bxa5 17. Nd4 Ne4 18. Bxe4 dxe4 19. Qa4 Bd5 20. Qxa5 Qe5 21. b4 f5 22. Rfd1 Rfe8 23. Ne2 Bf7 24.
Qxe5 Rxe5 25. Ra6 Be8 26. Rda1 Re7 27. Nd4 g6 28. R1a5 Kg7 29. Rc5 Kh6 30. Nxf5+ 1-0

[Event "*** Titled Tuesday Blitz"]
[Site "Chess.com"]
[Date "2020.10.27"]
[Round "2"]
[White "AndreyNeves"]
[Black "Dr_crypt"]
[Result "1-0"]
[WhiteElo "2263"]
[BlackElo "2455"]
[TimeControl "180+1"]
[EndTime "10:15:43 PDT"]
[Termination "AndreyNeves won by resignation"]

1. d4 d5 2. c4 c6 3. Nf3 Nf6 4. e3 e6 5. b3 Ne4 6. Bb2 Bb4+ 7.
Nbd2 Qa5 8. a3 Nxd2 9. Nxd2 Bxd2+ 10. Qxd2 Qxd2+ 11. Kxd2 Nd7 12. Bd3 f5 13. b4 dxc4 14.
Bxc4 Nb6 15. Bb3 Bd7 16. f3 Ke7 17. e4 fxe4 18. fxe4 Rhf8 19. Rhf1 Rxf1 20. Rxf1 a5 21.
Bc3 a4 22. Ba2 Rc8 23. Ke3 Be8 24. Be1 Bg6 25. Bh4+ Kd7 26. g4 Re8 27. Bg3 Nc8 28. h4 Nd6 29. Bxd6 Kxd6 30. h5 1-0

[Event "*** Titled Tuesday Blitz"]
[Site "Chess.com"]
[Date "2020.10.27"]
[Round "2"]
[White "GrafLermontov"]
[Black "JoachimMouhamad"]
[Result "1-0"]
[WhiteElo "2494"]
[BlackElo "2285"]
[TimeControl "180+1"]
[EndTime "10:15:45 PDT"]
[Termination "GrafLermontov won by resignation"]

1. d4 Nf6 2. c4 g6 3. Nc3 d5 4.
cxd5 Nxd5 5. e4 Nxc3 6. bxc3 Bg7 7. Nf3 c5 8. Be3 O-O 9. Qd2 Qa5 10. Rc1 cxd4 11.
cxd4 Qxd2+ 12. Nxd2 e6 13. Nb3 b6 14. Bd3 Ba6 15.
Ke2 Bxd3+ 16. Kxd3 Na6 17. a3 Rac8 18. f3 Rfd8 19. Rxc8 Rxc8 20. Rc1 Rxc1 21. Nxc1 Kf8 22. Kc4 e5 23. d5 Ke8 24. Kb5 Nb8 25. a4 Bf8 26. a5 Nd7 27. Nb3 Bd6 28. axb6 axb6 29. Bxb6 Nxb6 30. Kxb6 Kd7 31. Nc5+ Ke7 32. Kc6 Bb8 33. Nb7 1-0

[Event "*** Titled Tuesday Blitz"]
[Site "Chess.com"]
[Date "2020.10.27"]
[Round "2"]
[White "GOGIEFF"]
[Black "CheckThis4"]
[Result "1-0"]
[WhiteElo "2880"]
[BlackElo "2578"]
[TimeControl "180+1"]
[EndTime "10:15:46 PDT"]
[Termination "GOGIEFF won by resignation"]

1. d4 d5 2. Nf3 Nf6 3. e3 e6 4. Bd3 b6 5. Qe2 a5 6. O-O Ba6 7. c4 dxc4 8. Bxc4 Bxc4 9. Qxc4 Bd6 10. Nc3 O-O 11. e4 Bb4 12. Bg5 h6 13. Bxf6 Qxf6 14. Qxc7 Na6 15. Qxb6 Rfb8 16. Qc6 Bf8 17. Rab1 Nb4 18.
Qa4 Rd8 19. Rfd1 e5 20. dxe5 Qg6 21. a3 Nd3 22. Nd5 Nc5 23. Qc2 Nxe4 24. Re1 Nxf2 25. Qxg6 fxg6 26. Nc7 Rac8 27. Ne6 Nd3 28. Nxd8 Nxe1 29.
Rxe1 Rxd8 30. Kf2 Bc5+ 31. Kg3 Kf7 32. Rc1 Rc8 33. Kh3 Ke6 34. b4 1-0

[Event "*** Titled Tuesday Blitz"]
[Site "Chess.com"]
[Date "2020.10.27"]
[Round "2"]
[White "Margency"]
[Black "MaxLeto"]
[Result "1-0"]
[WhiteElo "2679"]
[BlackElo "2328"]
[TimeControl "180+1"]
[EndTime "10:15:46 PDT"]
[Termination "Margency won on time"]

1. e4 c5 2. Nf3 d6 3. d4 cxd4 4.
Nxd4 Nf6 5. Nc3 a6 6. Be3 Ng4 7. Bc1 Nf6 8. f3 e6 9. Be3 b5 10. Qd2 Nbd7 11. O-O-O Bb7 12. g4 h6 13. h4 b4 14. Nce2 d5 15. Bh3 dxe4 16. g5 exf3 17. Nf4 Ne4 18. Qh2 Bc5 19. g6 Qf6 20. gxf7+ Ke7 21.
Bxe6 Bxd4 22. Bxd4 1-0

[Event "*** Titled Tuesday Blitz"]
[Site "Chess.com"]
[Date "2020.10.27"]
[Round "2"]
[White "mjray79"]
[Black "emiliochess"]
[Result "1-0"]
[WhiteElo "2457"]
[BlackElo "2211"]
[TimeControl "180+1"]
[EndTime "10:15:48 PDT"]
[Termination "mjray79 won by resignation"]

1. d4 d5 2. c4 c6 3. Nf3 Nf6 4.
Nc3 e6 5. e3 Nbd7 6. Qc2 Bd6 7.
b3 O-O 8. Bb2 b6 9. Bd3 Bb7 10. e4 dxe4 11. Nxe4 Nxe4 12. Bxe4 Nf6 13. Bd3 c5 14. dxc5 Bxc5 15. Ng5 h6 16. Rd1 Qe7 17. Nf3 Ng4 18. O-O Bxf3 19. gxf3 Nf6 20. Kh1 Kh8 21. Rg1 Rad8 22. Rg2 Nh5 23. Rdg1 e5 24. Be4 g5 25. Bf5 Nf4 26. Rg4 Nh3 27. Rf1 Qf6 28. Qe4 Nxf2+ 29.
Rxf2 Bxf2 30. Bxe5 Qxe5 31. Qxe5+ Kg8 32. Qf6 Rfe8 1-0

[Event "*** Titled Tuesday Blitz"]
[Site "Chess.com"]
[Date "2020.10.27"]
[Round "2"]
[White "Vandros57"]
[Black "Ermito2020"]
[Result "0-1"]
[WhiteElo "2210"]
[BlackElo "2656"]
[TimeControl "180+1"]
[EndTime "10:15:53 PDT"]
[Termination "Ermito2020 won on time"]

1. d4 e6 2. Nf3 f5 3. c4 Nf6 4. Nc3 Be7 5. Bg5 O-O 6. Bxf6 Bxf6 7. e4 fxe4 8. Nxe4 b6 9. Bd3 Bb7 10. O-O Nc6 11. Bc2 g6 12. Nxf6+ Qxf6 13. h4 Nb4 14.
Ng5 Nxc2 15. Qxc2 Qxd4 16. g3 Rf5 17. Rad1 Qg4 18. Rxd7 Rxg5 19. hxg5 Qf3 20. Rd5 exd5 21.
Qc3 d4 22. Qxf3 Bxf3 23. Re1 d3 24. Re7 Rd8 0-1

[Event "*** Titled Tuesday Blitz"]
[Site "Chess.com"]
[Date "2020.10.27"]
[Round "2"]
[White "chenxiaoyuer"]
[Black "BocharovD"]
[Result "0-1"]
[WhiteElo "2512"]
[BlackElo "2772"]
[TimeControl "180+1"]
[EndTime "10:15:58 PDT"]
[Termination "BocharovD won by resignation"]

1. e4 c5 2. Nf3 d6 3. d4 cxd4 4. Nxd4 Nf6 5. Nc3 a6 6. Be2 e6 7. O-O Qc7 8. a4 b6 9. f4 Bb7 10. Bf3 Nc6 11. Be3 Be7 12. Qe2 O-O 13. Nb3 Na5 14. Bd4 e5 15. Be3 Nc4 16. fxe5 dxe5 17. Nd5 Nxd5 18. exd5 Nxe3 19. Qxe3 f5 20. Qd2 e4 21.
Be2 Bd6 22. h3 f4 23. c4 f3 24. gxf3 exf3 25. Bd3 Bc8 26. Nd4 Bxh3 27. Rxf3 Bc5 28. Rxf8+ Rxf8 29. Be4 Qg3+ 30. Kh1 Rf2 0-1

[Event "*** Titled Tuesday Blitz"]
[Site "Chess.com"]
[Date "2020.10.27"]
[Round "2"]
[White "exoticprincess"]
[Black "Semetey"]
[Result "1-0"]
[WhiteElo "2847"]
[BlackElo "2555"]
[TimeControl "180+1"]
[EndTime "10:16:02 PDT"]
[Termination "exoticprincess won by checkmate"]

1. e4 c5 2. Nf3 e6 3. c4 Nc6 4. Nc3 a6 5. Be2 Qc7 6. O-O Nf6 7. d4 cxd4 8. Nxd4 Bd6 9. Kh1 Nxd4 10. Qxd4 Bxh2 11. f4 e5 12. Nd5 Nxd5 13. Qxd5 Bxf4 14.
g3 Qb6 15. gxf4 Qh6+ 16. Kg2 Qg6+ 17. Kf2 exf4 18. Qe5+ Kd8 19. Bxf4 Qe6 20. Qxg7 Re8 21. Rad1 Qxe4 22. Qf6+ Qe7 23. Qb6# 1-0

[Event "*** Titled Tuesday Blitz"]
[Site "Chess.com"]
[Date "2020.10.27"]
[Round "2"]
[White "Snegokhod"]
[Black "Yoshikrov"]
[Result "1-0"]
[WhiteElo "2419"]
[BlackElo "2118"]
[TimeControl "180+1"]
[EndTime "10:16:02 PDT"]
[Termination "Snegokhod won by resignation"]

1. e4 c5 2. Nf3 d6 3. d4 cxd4 4. Qxd4 Nc6 5. Bb5 Bd7 6. Bxc6 Bxc6 7. Nc3 e6 8. Bg5 Nf6 9. O-O-O Be7 10. Rhe1 Qc7 11.
Qd2 a6 12. Nd4 Rc8 13. f3 O-O 14. h4 b5 15. g3 Rfe8 16. g4 b4 17. Nce2 a5 18. Rg1 d5 19. e5 Nd7 20. Bxe7 Rxe7 21. f4 Nc5 22. Ng3 Ne4 23. Nxe4 dxe4 24. Nxc6 Qxc6 25.
Kb1 g6 26. h5 Rec7 27. Rc1 Qd5 28. Qh2 a4 29. hxg6 fxg6 30. f5 a3 31. fxg6 hxg6 32. Rh1 1-0

[Event "*** Titled Tuesday Blitz"]
[Site "Chess.com"]
[Date "2020.10.27"]
[Round "2"]
[White "tlomigtlis"]
[Black "FlamingPhoenix2910"]
[Result "0-1"]
[WhiteElo "2582"]
[BlackElo "2886"]
[TimeControl "180+1"]
[EndTime "10:16:05 PDT"]
[Termination "FlamingPhoenix2910 won by checkmate"]

1. d4 Nf6 2. c4 e6 3. Nc3 d5 4. cxd5 exd5 5. Bg5 c5 6. Nf3 Nc6 7. e3 cxd4 8. Nxd4 Bb4 9. Bb5 Qa5 10. O-O Bxc3 11.
bxc3 Ne4 12. Bf4 Bd7 13. Qb3 O-O 14. Qxd5 Nxd4 15. cxd4 Nf6 16. Qg5 Qxb5 17. Be5 h6 18. Qg3 Qc6 19. Rac1 Qe6 20. d5 Qf5 21. Rc7 Nh5 22.
Qf3 Qxe5 23. Rxd7 Nf6 24. Rxb7 Qxd5 25. Qxd5 Nxd5 26. Rd1 Nc3 27. Rdd7 a5 28. a3 Rfd8 29. h3 Rxd7 30. Rxd7 a4 31. Rd3 Nb5 32. f4 Rc8 33.
Kf2 Rc3 34. Rd8+ Kh7 35. e4 Rxa3 36. e5 Rb3 37. f5 a3 38. e6 fxe6 39. fxe6 a2 40.
e7 a1=Q 41. Rh8+ Kxh8 42. e8=Q+ Kh7 43. Qe4+ g6 44. Qe6 Qd4+ 45. Ke2 Rb2+ 46. Ke1 Qg1# 0-1

[Event "*** Titled Tuesday Blitz"]
[Site "Chess.com"]
[Date "2020.10.27"]
[Round "2"]
[White "levallem"]
[Black "Fighter008"]
[Result "0-1"]
[WhiteElo "2311"]
[BlackElo "2676"]
[TimeControl "180+1"]
[EndTime "10:16:05 PDT"]
[Termination "Fighter008 won by resignation"]

1. d4 Nf6 2. c4 g6 3. Nc3 Bg7 4. e4 d6 5. Nf3 O-O 6. Be2 Nbd7 7. O-O e5 8. h3 exd4 9. Nxd4 Nc5 10. f3 Nh5 11.
Be3 Ng3 12. Rf2 f5 13. exf5 gxf5 14. Qd2 Qh4 15. Nd5 c6 16. Nf4 Re8 17. Re1 Bd7 18.
Nc2 Rxe3 19. Qxe3 Bh6 20. Ng6 hxg6 21. Qc3 Bg7 22. Qb4 Re8 23. Bf1 Be5 24. b3 Nxf1 25.
Rfxf1 Nd3 26. Qd2 Nxe1 27. Rxe1 Qg3 0-1

[Event "*** Titled Tuesday Blitz"]
[Site "Chess.com"]
[Date "2020.10.27"]
[Round "2"]
[White "anon102030"]
[Black "m_ezat"]
[Result "1-0"]
[WhiteElo "2758"]
[BlackElo "2505"]
[TimeControl "180+1"]
[EndTime "10:16:07 PDT"]
[Termination "anon102030 won by checkmate"]

1. e4 c6 2. d3 d5 3. Nd2 e5 4. g3 f5 5. Bg2 Nf6 6. Ne2 Bd6 7. O-O O-O 8. exf5 Bxf5 9. b3 a5 10. a4 Nbd7 11. Bb2 Ng4 12. h3 Ngf6 13. f4 h6 14.
fxe5 Bh7 15. exd6 Qb6+ 16. Kh2 Rae8 17. Nf4 Qc5 18. Ba3 Qc3 19. Nf3 g5 20. Ne2 Rxe2 21.
Qxe2 Re8 22. Qf2 g4 23. Nh4 d4 24. Rae1 Rf8 25. Qe2 c5 26. Bc1 Kg7 27. Qe7+ Rf7 28.
Bxh6+ Kg8 29. Qd8+ Nf8 30. Rxf6 Qxe1 31. Qxf8+ Rxf8 32. Rxf8# 1-0

[Event "*** Titled Tuesday Blitz"]
[Site "Chess.com"]
[Date "2020.10.27"]
[Round "2"]
[White "DinaBelenkaya"]
[Black "731291"]
[Result "0-1"]
[WhiteElo "2333"]
[BlackElo "2634"]
[TimeControl "180+1"]
[EndTime "10:16:08 PDT"]
[Termination "731291 won by resignation"]

1. e4 c5 2. Nc3 e6 3. g3 d5 4.
exd5 exd5 5. d4 Nf6 6. Bg2 cxd4 7. Nb5 Nc6 8. Nxd4 Bc5 9. Nge2 O-O 10. O-O Bg4 11.
Nxc6 bxc6 12. h3 Bh5 13. g4 Bg6 14. c3 Re8 15. b4 Bb6 16. Bg5 h6 17. Bh4 Qd6 18.
Nd4 Ne4 19. Rc1 Bc7 20. f4 f6 21. c4 Bf7 22. c5 Qd7 23. Nf5 Be6 24. Bxe4 dxe4 25.
Qxd7 Bxd7 26. Nd6 Bxd6 27. cxd6 e3 28. Rfe1 Re4 29. Rc3 Rae8 30. f5 h5 31. Kf1 hxg4 32. hxg4 Rf4+ 33. Ke2 Rxg4 34. Rh1 Bxf5 35. Rh3 Rg2+ 36.
Kf3 Bxh3 37. Be1 Rg1 38. Bg3 e2 0-1

[Event "*** Titled Tuesday Blitz"]
[Site "Chess.com"]
[Date "2020.10.27"]
[Round "2"]
[White "Tenamu"]
[Black "Khnykin_Nikolay"]
[Result "1-0"]
[WhiteElo "2408"]
[BlackElo "2055"]
[TimeControl "180+1"]
[EndTime "10:16:17 PDT"]
[Termination "Tenamu won by checkmate"]

1. d4 e6 2. Nc3 d5 3. e4 Nc6 4. exd5 exd5 5. g3 Nf6 6. Bg2 Bb4 7. Ne2 O-O 8. O-O Bg4 9. f3 Bf5 10. Be3 Re8 11. Bf2 Qd7 12. a3 Bd6 13. Qd2 Re7 14. Rfe1 Rae8 15. Nb5 a6 16. Nxd6 cxd6 17. g4 Bg6 18. c3 h6 19. Nf4 Bh7 20. Rxe7 Rxe7 21. Re1 Qe8 22. Kf1 Qd7 23. h4 Rxe1+ 24. Qxe1 Bg6 25.
Bg3 Na5 26. Bh3 Qb5+ 27. Kg1 Qxb2 28. g5 hxg5 29. hxg5 Nh5 30. Nxg6 fxg6 31. Qe8+ Kh7 32.
Be6 Qc1+ 33. Kg2 Qd2+ 34. Kh3 Nf4+ 35. Bxf4 Qxf4 36. Qg8# 1-0

[Event "*** Titled Tuesday Blitz"]
[Site "Chess.com"]
[Date "2020.10.27"]
[Round "2"]
[White "nurgyulsalimova"]
[Black "Sergey85Rodchenkov"]
[Result "1-0"]
[WhiteElo "2720"]
[BlackElo "2437"]
[TimeControl "180+1"]
[EndTime "10:16:19 PDT"]
[Termination "nurgyulsalimova won by resignation"]

1. c4 Nf6 2. b3 b6 3. Bb2 Bb7 4. Nf3 e6 5. e3 d5 6. Be2 Bd6 7.
Qc2 O-O 8. Rg1 c5 9. g4 Nc6 10. g5 Nd7 11. h4 Re8 12. Nc3 Nb4 13. Qb1 d4 14. Ne4 Bf8 15. h5 e5 16. a3 Nc6 17. d3 Kh8 18. Ng3 a6 19. e4 b5 20.
Bc1 Rb8 21. Qc2 Nb6 22. g6 Qc7 23. Nf5 Bc8 24. Ng5 fxg6 25. hxg6 hxg6 26. Bg4 Kg8 27. f3 Be7 28. Nxe7+ Qxe7 29. Qh2 Qf6 30. Rh1 Kf8 31.
Nh7+ 1-0

[Event "*** Titled Tuesday Blitz"]
[Site "Chess.com"]
[Date "2020.10.27"]
[Round "2"]
[White "mbojan"]
[Black "mc4chess"]
[Result "1-0"]
[WhiteElo "2710"]
[BlackElo "2396"]
[TimeControl "180+1"]
[EndTime "10:16:19 PDT"]
[Termination "mbojan won by resignation"]

1. e4 c5 2. Nf3 e6 3. d4 cxd4 4. Nxd4 a6 5. c4 Qc7 6. Nc3 Nf6 7. Be2 Nc6 8. Nc2 g6 9. O-O Bg7 10. Be3 O-O 11. Rc1 d6 12. Qd2 Rd8 13. Rfd1 Qe7 14. Bf4 e5 15. Bg5 Be6 16. h3 Rac8 17. b3 Qf8 18.
Bf3 h6 19. Be3 g5 20. Nd5 Bxd5 21. cxd5 Ne7 22. Bb6 Re8 23. Ne3 Ng6 24. Nf5 Nf4 25. Kh2 Nd7 26. Be3 Ng6 27. g3 Bf6 28. Bg4 Rxc1 29. Rxc1 Rd8 30. Rc7 Nf4 31. Qd1 b5 32. gxf4 exf4 33. Bd4 Ne5 34. Bxe5 Bxe5 35. Bh5 f3+ 36.
Kg1 Rc8 37. Rxc8 1-0

[Event "*** Titled Tuesday Blitz"]
[Site "Chess.com"]
[Date "2020.10.27"]
[Round "2"]
[White "HrvojeZagreb"]
[Black "nrvisakh"]
[Result "0-1"]
[WhiteElo "2241"]
[BlackElo "2667"]
[TimeControl "180+1"]
[EndTime "10:16:19 PDT"]
[Termination "nrvisakh won by resignation"]

1. d4 Nf6 2. Bf4 g6 3. Nc3 d5 4.
e3 Bg7 5. h4 h5 6. Nf3 O-O 7.
Ne5 c5 8. Qd2 Nc6 9. O-O-O Bf5 10.
a3 Rc8 11. Nxc6 Rxc6 12. f3 cxd4 13. exd4 Qa5 14. Bd3 Bxd3 15. Qxd3 Rfc8 16. Bd2 Nd7 17. g4 Nb6 18. gxh5 Nc4 19. hxg6 Nxd2 20. gxf7+ Kh8 21.
Kxd2 Rxc3 22. bxc3 Rxc3 23. Qxc3 Bh6+ 24. Ke2 Qxc3 25.
Rd3 Qxc2+ 26. Kf1 Qxd3+ 27. Kg2 Qe2+ 0-1

[Event "*** Titled Tuesday Blitz"]
[Site "Chess.com"]
[Date "2020.10.27"]
[Round "2"]
[White "Oleksandr_Bortnyk"]
[Black "davidkalashian"]
[Result "1-0"]
[WhiteElo "2908"]
[BlackElo "2589"]
[TimeControl "180+1"]
[EndTime "10:16:21 PDT"]
[Termination "Oleksandr_Bortnyk won by checkmate"]

1. e4 c6 2. d4 g6 3. Nc3 Bg7 4. Nf3 d6 5. Bc4 Nf6 6. Qe2 O-O 7. e5 Ne8 8. h4 Bg4 9. h5 d5 10. Bd3 Nc7 11. Rh4 Bxf3 12. Qxf3 Ne6 13. hxg6 hxg6 14. Qh3 Re8 15. Bxg6 Nf8 16. Bf5 e6 17. Bh7+ Nxh7 18. Rxh7 Nd7 19. Rxg7+ Kxg7 20. Qh6+ Kg8 21. Bg5 Re7 22. Bf6 Qf8 23. Qh8# 1-0

[Event "*** Titled Tuesday Blitz"]
[Site "Chess.com"]
[Date "2020.10.27"]
[Round "2"]
[White "LawrenceTrent"]
[Black "krasavetc"]
[Result "0-1"]
[WhiteElo "2498"]
[BlackElo "2300"]
[TimeControl "180+1"]
[EndTime "10:16:25 PDT"]
[Termination "krasavetc won by resignation"]

1. d4 Nf6 2. Nc3 e6 3. e4 d5 4. Bg5 Be7 5. e5 Nfd7 6. h4 h6 7. Bxe7 Qxe7 8. Qg4 O-O 9. Nf3 c5 10. Nb5 cxd4 11. O-O-O Nc6 12. Qg3 Qc5 13. Nbxd4 Ndxe5 14. c3 Nxf3 15. gxf3 e5 16. Rg1 g6 17. Bd3 Nxd4 18. Kb1 Nf5 19. Qxe5 Kh7 20. h5 Qd6 21. Qe2 Bd7 22. Qd2 Rae8 23. Ka1 g5 24. Qc2 Qf4 25.
Rg4 Qxf3 26. Rdg1 Re5 27. a3 Kg7 28. Qc1 Rfe8 29. Rxg5+ hxg5 30. Qxg5+ Kf8 31. h6 Re1+ 32. Rxe1 Rxe1+ 33. Ka2 Qxd3 34. Qd8+ Be8 0-1

[Event "*** Titled Tuesday Blitz"]
[Site "Chess.com"]
[Date "2020.10.27"]
[Round "2"]
[White "juancruzarias"]
[Black "Harsha_Bharathakoti"]
[Result "0-1"]
[WhiteElo "2537"]
[BlackElo "2812"]
[TimeControl "180+1"]
[EndTime "10:16:27 PDT"]
[Termination "Harsha_Bharathakoti won by resignation"]

1. e4 c6 2. Nc3 d5 3. Nf3 Bg4 4. h3 Bxf3 5. Qxf3 e6 6. d3 d4 7.
Nb1 Qb6 8. g3 Nd7 9. Bg2 h5 10.
O-O h4 11. g4 e5 12. Qe2 Qc7 13.
f4 exf4 14. Bxf4 Bd6 15. Bxd6 Qxd6 16. Nd2 Ne5 17. Nf3 Ne7 18. Nxe5 Qxe5 19. Rf2 f6 20. Qd2 O-O-O 21. b4 Kb8 22. a4 Rc8 23. a5 c5 24.
b5 c4 25. Qb4 cxd3 26. cxd3 Rc3 27. Rd1 Rhc8 28. a6 b6 29. Kh1 R8c5 30. Rb1 Rxd3 31. Re1 Rdc3 32. Rf5 Nxf5 33. gxf5 Rc1 0-1

[Event "*** Titled Tuesday Blitz"]
[Site "Chess.com"]
[Date "2020.10.27"]
[Round "2"]
[White "bazar-wokzal"]
[Black "Marina_Chess_Rus"]
[Result "1-0"]
[WhiteElo "2491"]
[BlackElo "2280"]
[TimeControl "180+1"]
[EndTime "10:16:27 PDT"]
[Termination "bazar-wokzal won on time"]

1. e4 e6 2. d4 d5 3. exd5 exd5 4. Nf3 Bd6 5. c4 c6 6. Bd3 Ne7 7. O-O O-O 8. Nc3 dxc4 9. Bxc4 Bf5 10. Ne5 Nd7 11. f4 Nb6 12. Bb3 Ned5 13. g4 Bd7 14. Qf3 Nxc3 15. bxc3 Be6 16. Bc2 f6 17. Qh3 g6 18.
Nf3 Nd5 19. f5 Bf7 20. Bh6 Re8 21. fxg6 hxg6 22. Nh4 g5 23. Qd3 1-0

[Event "*** Titled Tuesday Blitz"]
[Site "Chess.com"]
[Date "2020.10.27"]
[Round "2"]
[White "Bwert2602"]
[Black "Brave_spirit12"]
[Result "0-1"]
[WhiteElo "2233"]
[BlackElo "2477"]
[TimeControl "180+1"]
[EndTime "10:16:28 PDT"]
[Termination "Brave_spirit12 won on time"]

1. e4 e6 2. d4 d5 3. Nc3 Nf6 4. Bg5 Be7 5. Bxf6 Bxf6 6. Nf3 c5 7.
e5 Be7 8. dxc5 Bxc5 9. Bd3 O-O 10. h4 h6 11. Qe2 Nc6 12. O-O-O f6 13. exf6 Qxf6 14.
Kb1 Bd7 15. Ne4 dxe4 16. Qxe4 Rad8 17. Qh7+ Kf7 18. Rhe1 e5 19. Qe4 Be6 0-1

[Event "*** Titled Tuesday Blitz"]
[Site "Chess.com"]
[Date "2020.10.27"]
[Round "2"]
[White "baki83"]
[Black "lelajavakhishvili"]
[Result "1-0"]
[WhiteElo "2806"]
[BlackElo "2522"]
[TimeControl "180+1"]
[EndTime "10:16:32 PDT"]
[Termination "baki83 won on time"]

1. e4 c5 2. Nf3 e6 3. c3 Nf6 4.
e5 Nd5 5. g3 d6 6. Bg2 Nc6 7.
exd6 Bxd6 8. O-O O-O 9. d4 b6 10. c4 Nf6 11. Ne5 Nxd4 12. Bxa8 Bxe5 13. Bg2 Ba6 14. Na3 Qe7 15. Be3 Rd8 16. Bxd4 Bxd4 17. Qe2 e5 18. Rad1 Bb7 19. Nb5 e4 20. Rfe1 h6 21.
Nc3 Re8 22. Nb5 Rd8 23. Nxa7 e3 24. fxe3 Bxe3+ 25. Kh1 Bxg2+ 26. Kxg2 Rxd1 27. Rxd1 Qxa7 28. Qxe3 Qxa2 29. Rd8+ Kh7 30. Qd3+ g6 31. Qc3 Kg7 32. Rd6 1-0

[Event "*** Titled Tuesday Blitz"]
[Site "Chess.com"]
[Date "2020.10.27"]
[Round "2"]
[White "vladislavkovalev"]
[Black "FMJoseHerrera"]
[Result "1-0"]
[WhiteElo "2841"]
[BlackElo "2551"]
[TimeControl "180+1"]
[EndTime "10:16:34 PDT"]
[Termination "vladislavkovalev won by resignation"]

1. e4 c5 2. Be2 e6 3. d3 b6 4.
f4 Bb7 5. Nf3 Qc7 6. c3 d6 7.
O-O Nd7 8. Be3 Ngf6 9. Kh1 h5 10. Nbd2 h4 11. Ng5 Be7 12. Bf3 g6 13. d4 Nh7 14.
Nh3 O-O-O 15. a4 a6 16. b4 Rdg8 17. bxc5 dxc5 18. e5 g5 19. fxg5 Nxg5 20. Bxg5 Bxg5 21. Bxb7+ Qxb7 22. Rxf7 Bh6 23. Nf3 Rf8 24. Re7 Qd5 25. c4 Qe4 26. dxc5 Qc6 27. Qd6 Qxd6 28. cxd6 Rxf3 29.
gxf3 Nxe5 30. Rc7+ Kd8 31. Rb1 Be3 32. c5 Bxc5 33. Rxc5 bxc5 34. Rb8+ Kd7 35. Rxh8 Kxd6 36. Kg2 c4 37. Nf2 c3 38. Ne4+ 1-0

[Event "*** Titled Tuesday Blitz"]
[Site "Chess.com"]
[Date "2020.10.27"]
[Round "2"]
[White "ftorodent"]
[Black "BikingBrian"]
[Result "1-0"]
[WhiteElo "2668"]
[BlackElo "2265"]
[TimeControl "180+1"]
[EndTime "10:16:34 PDT"]
[Termination "ftorodent won by resignation"]

1. d4 Nf6 2. c4 g6 3. Nc3 Bg7 4. e4 d6 5. Nf3 O-O 6. Be2 Na6 7. O-O e5 8. Be3 Ng4 9. Bg5 Qe8 10. h3 f6 11. Bc1 exd4 12. Nxd4 Nh6 13. Re1 f5 14. exf5 Nxf5 15. Nxf5 Bxf5 16. Bf3 Qc8 17. Qd5+ Kh8 18.
Qxb7 Rb8 19. Qxc8 Rfxc8 20. Nd5 Nb4 21. Nxb4 Rxb4 22. g4 Bd3 23. Re7 Rf8 24. Kg2 Rxc4 25. Be3 Bxb2 26. Rd1 Bc2 27. Rd2 Bc1 28. Rxc2 Rxc2 29.
Bd4+ Kg8 30. Rg7+ Kh8 31. Rxg6+ 1-0

[Event "*** Titled Tuesday Blitz"]
[Site "Chess.com"]
[Date "2020.10.27"]
[Round "2"]
[White "Lenyas66"]
[Black "barbara25"]
[Result "1-0"]
[WhiteElo "2471"]
[BlackElo "2246"]
[TimeControl "180+1"]
[EndTime "10:16:34 PDT"]
[Termination "Lenyas66 won by resignation"]

1. e4 c5 2. Nf3 d6 3. c3 Nf6 4.
Be2 Nc6 5. Qc2 g6 6. d4 cxd4 7. cxd4 Bg7 8. d5 Ne5 9. Nxe5 dxe5 10. O-O O-O 11. Rd1 Bd7 12. Nc3 a6 13. a4 Rc8 14.
Qb3 Qc7 15. Be3 Qb8 16. h3 e6 17. d6 Bc6 18. Bf3 Rcd8 19. Qa3 Rd7 20. Bb6 g5 21. b4 h5 22. b5 axb5 23. axb5 g4 24. bxc6 bxc6 25.
Bc7 Qb7 26. hxg4 hxg4 27. Rdb1 Qc8 28. Rb8 Qxb8 29. Bxb8 Rxb8 30. Be2 Ne8 31. Rd1 Rbd8 32. Bxg4 Rxd6 33. Rxd6 Rxd6 34. Qa8 Kf8 35. Na4 Ke7 36.
Qa7+ Kf6 37. Nc5 Rd2 38. Qb8 Nd6 39. Qd8+ Kg6 40. Qh4 Bh6 41. Qh5+ Kg7 42. Qxe5+ Kg8 43. Nd7 Bg7 44. Nf6+ Kf8 45. Qg5 c5 46. Qxd2 1-0

[Event "*** Titled Tuesday Blitz"]
[Site "Chess.com"]
[Date "2020.10.27"]
[Round "2"]
[White "TigrVShlyape"]
[Black "gilbert_gm"]
[Result "1/2-1/2"]
[WhiteElo "2868"]
[BlackElo "2583"]
[TimeControl "180+1"]
[EndTime "10:16:36 PDT"]
[Termination "Game drawn by repetition"]

1. d4 d5 2. Nf3 c6 3. Bf4 Nf6 4. e3 Bg4 5. Nbd2 e6 6. c3 Bd6 7. Bg3 O-O 8. Qb3 b6 9. Ne5 Bh5 10. a4 c5 11. Qa2 Qc7 12. Bd3 Nc6 13. f4 Nd7 14. Qb1 f5 15. O-O Nf6 16. Bh4 Ne4 17. Nxe4 fxe4 18. Bc2 Nxe5 19. fxe5 Be7 20. Bxe7 Qxe7 21.
Qe1 Rxf1+ 22. Qxf1 Rf8 23. Qe1 Qg5 24. Qd2 a6 25. a5 cxd4 26. cxd4 b5 27. Bb3 Rc8 28. Rc1 Rxc1+ 29. Qxc1 Bf3 30. Qc8+ Kf7 31. Qd7+ Kf8 32. Qd6+ Kf7 33. Qd7+ Kf8 34. Qd6+ Kf7 35. Qd7+ 1/2-1/2

[Event "*** Titled Tuesday Blitz"]
[Site "Chess.com"]
[Date "2020.10.27"]
[Round "2"]
[White "RU_B9"]
[Black "DishonorOnYourCow"]
[Result "0-1"]
[WhiteElo "1724"]
[BlackElo "2382"]
[TimeControl "180+1"]
[EndTime "10:16:37 PDT"]
[Termination "DishonorOnYourCow won by resignation"]

1. c4 e5 2. Nc3 Nc6 3. e3 Bc5 4. Nf3 a6 5. d4 exd4 6. exd4 Ba7 7. Be2 Nf6 8. O-O d5 9. c5 O-O 10. Bg5 Be6 11. Ne5 Nb8 12. f4 Bf5 13. g4 Be4 14.
Nxe4 dxe4 15. Bc4 Nc6 16. Bxf6 Qxf6 17. Nd7 Qxd4+ 18. Qxd4 Nxd4 19. Nxf8 Kxf8 20. b4 b6 21. cxb6 Bxb6 22. Kg2 Nc2 23. Bd5 Ne3+ 24. Kg3 Nxd5 25. a4 Nxb4 26. a5 Bc5 27. Rac1 Bd6 28. Rfe1 Re8 29.
Re2 Bxf4+ 30. Kxf4 Nd3+ 31. Ke3 Nxc1 32. Rc2 Nb3 33.
Rxc7 Nxa5 34. Ra7 Nc4+ 35. Ke2 a5 0-1